 Dungeon Crawl Stone Soup version 0.28-a0-10-g964c8b829e (webtiles) character file.

Game seed: 13239243868903298124

153 nelgraf2 the Insei (level 5, -1/40 HPs)
             Began as a Draconian Transmuter on July 26, 2021.
             Slain by Terence (13 damage)
             ... on level 3 of the Dungeon.
             The game lasted 00:04:03 (3243 turns).

nelgraf2 the Insei (Draconian Transmuter)           Turns: 3243, Time: 00:04:04

Health: -1/40      AC:  5    Str: 12    XL:     5   Next: 12%
Magic:  7/9        EV: 12    Int: 13    God:
Gold:   151        SH:  0    Dex: 13    Spells: 4/10 levels left

rFire   . . .      SeeInvis .     - Unarmed
rCold   . . .      Faith    .   (no shield)
rNeg    . . .      Spirit   .   (armour unavailable)
rPois   .          Reflect  .   (helmet currently unavailable)
rElec   .          Harm     .   (no cloak)
rCorr   .          Rampage  .   (no gloves)
Will    .....                   (boots currently unavailable)
Stlth   +.........              (no amulet)
HPRegen 0.13/turn               (no ring)
MPRegen 0.11/turn               (no ring)

@: appendages (expiring), very slightly contaminated
A: horns 2, talons 2, AC +5, unfitting armour, cold-blooded
a: End Transformation


You were on level 3 of the Dungeon.
You had temporarily grown beastly horns and talons.
You visited 1 branch of the dungeon, and saw 3 of its levels.

You collected 151 gold pieces.

Inventory:

Scrolls
 b - a scroll of teleportation {unknown}
 c - 3 scrolls of identify {unknown}
 e - a scroll of holy word {unknown}
 g - 2 scrolls of noise {unknown}
 h - a scroll of vulnerability {unknown}
Potions
 a - 4 potions of heal wounds
 d - 2 potions of magic {unknown}
 f - a potion of brilliance {unknown}


   Skills:
 + Level 1.4 Fighting
 - Level 1.7 Dodging
 + Level 4.2 Unarmed Combat
 + Level 3.2 Spellcasting
 + Level 3.2 Transmutations


You had 4 spell levels left.
You knew the following spells:

 Your Spells              Type           Power      Damage    Failure   Level
a - Beastly Appendage     Tmut           20%        N/A       6%          1
b - Wereblood             Tmut           10%        N/A       9%          2
c - Spider Form           Tmut/Pois      3%         N/A       34%         3

Your spell library contained the following spells:

 Spells                   Type           Power      Damage    Failure   Level
 Portal Projectile        Hex/Tloc       4%         N/A       56%         3
 Ice Form                 Ice/Tmut       6%         N/A       75%         4
 Blade Hands              Tmut           5%         N/A       86%         5
 Excruciating Wounds      Necr           1%         N/A       99%         5


Dungeon Overview and Level Annotations

Branches:
Dungeon (3/15)

Altars:

Annotations:
D:3 Terence


Innate Abilities, Weirdness & Mutations

You have temporarily grown beastly horns and talons.
Your plain brown scales are hard. (AC +5)
You cannot fit into any form of body armour.
You are cold-blooded and may be slowed by cold attacks.


Message History

You hit Terence but do no damage. You claw Terence.
Terence is moderately wounded.
Terence closely misses you.
You barely miss Terence. You claw Terence.
Terence is moderately wounded.
Terence hits you with a +0 hand axe.
You hit Terence but do no damage.
Terence is moderately wounded.
Terence hits you with a +0 hand axe.
You hit Terence. Your headbutt misses Terence.
Terence is moderately wounded.
Terence hits you with a +0 hand axe.
You hit Terence but do no damage. You claw Terence, but do no damage.
Terence is moderately wounded.
Terence barely misses you.
You hit Terence. You headbutt Terence, but do no damage.
You tail-slap Terence, but do no damage.
Terence is heavily wounded.
You miscast Beastly Appendage.
You are very lightly contaminated with residual magic.
Nothing appears to happen.
Terence hits you with a +0 hand axe!
You closely miss Terence. Your kick misses Terence.
Terence is heavily wounded.
Terence hits you with a +0 hand axe.
* * * LOW HITPOINT WARNING * * *
It was a potion of heal wounds.
You feel much better. Terence hits you with a +0 hand axe!
You hit Terence.
Terence is heavily wounded.
Terence hits you with a +0 hand axe.
You hit Terence but do no damage. You tail-slap Terence.
Terence is severely wounded.
Your transformation is almost over.
Terence hits you with a +0 hand axe!
* * * LOW HITPOINT WARNING * * *
You hit Terence but do no damage. Your kick misses Terence.
You headbutt Terence, but do no damage.
Your tail-slap misses Terence.
Terence is severely wounded.
Terence hits you with a +0 hand axe!
You die...

.. #.......... ..##
#..#.#.#.#. ....
#.......... .#
##..#.#.#.#. ##
........... . #
#.#.#.#.#. ..#.
#.r....... #...####
##@#######
.....####@### ###
...##.....#
..#####.###.##.....###
...†...................
..#####.###.##.....####
### #.#.#.##.....#
####..>..######.#
.........# .#
###.#...## ..


You could see Terence (strong) and a quokka.

Vanquished Creatures
  A bullfrog (D:3)
  4 gnolls
  An adder (D:3)
  A worm (D:3)
  A dart slug (D:2)
  An orc (D:3)
  A ball python (D:1)
  4 bats
  3 endoplasms
  6 hobgoblins
  6 jackals
  2 quokkas (D:2)
  2 frilled lizards (D:1)
  2 goblins (D:1)
  A kobold (D:1)
  4 rats
40 creatures vanquished.

Vanquished Creatures (others)
  A plant (D:2)
1 creature vanquished.

Grand Total: 41 creatures vanquished

Notes
Turn   | Place    | Note
-------+----------+-------------------------------------------
     0 | D:1      | nelgraf2 the Draconian Transmuter began the quest for the
                  | Orb.
     0 | D:1      | Reached XP level 1. HP: 16/16 MP: 3/3
   424 | D:1      | You fall into a shaft and drop 1 floor!
   558 | D:1      | Reached XP level 2. HP: 23/23 MP: 3/5
  1938 | D:2      | Reached XP level 3. HP: 17/28 MP: 4/6
  2305 | D:2      | Found a faded altar of an unknown god.
  2575 | D:3      | Reached XP level 4. HP: 35/35 MP: 6/8
  3024 | D:3      | Noticed a bullfrog
  3033 | D:3      | Killed a bullfrog
  3034 | D:3      | Reached skill level 4 in Unarmed Combat
  3034 | D:3      | Reached XP level 5. HP: 29/40 MP: 6/9
  3187 | D:3      | Learned a level 2 spell: Wereblood
  3191 | D:3      | Learned a level 3 spell: Spider Form
  3218 | D:3      | Noticed Terence
  3243 | D:3      | Slain by Terence

Illustrated notes

Levels and vault maps discovered:
D:1:      co_arrival_random_square_maze, layout_loops_corners
D:2:      layout_loops_ring, shapermc_ecumenical_altar_notcrosses,
          serial_forest, infiniplex_forest_clump_tiny,
          infiniplex_forest_end_double, infiniplex_forest_straight_4,
          infiniplex_forest_lined_4_way, infiniplex_forest_lined_3,
          infiniplex_forest_straight_2, infiniplex_forest_end_3
D:3:      layout_loops_cross, mainiacjoe_overflow_alcove_1, serial_glass,
          glass_columns_c, glass_columns_c, minmay_strange_pillars,
          feat_on_display, item_on_display_a, item_on_display_a, uniq_terence

Skill      XL: |  1  2  3  4 |
---------------+-------------+-----
Unarmed Combat | 4 |  4.2
Spellcasting   | 3 |  3.2
Transmutations | 3 |  3.2
Fighting       | |  1.4
Dodging        | |  1.7

Action                   |  1- 3 |  4- 6 || total
-------------------------+-------+-------++-------
Melee: Unarmed           |    85 |    61 ||   146
       Kick              |    20 |    10 ||    30
       Headbutt          |     7 |     9 ||    16
       Tailslap          |     2 |     7 ||     9
       Punch             |     1 |     1 ||     2
 Cast: Beastly Appendage |    24 |    10 ||    34
  Use: Potion            |       |     1 ||     1
Armor: Skin              |    23 |    17 ||    40
Dodge: Dodged            |    49 |    34 ||    83

Table legend: (Time is in decaauts)
 A = Elapsed time spent in this place.
 B = Non-inter-level travel time spent in this place.
 C = Inter-level travel time spent in this place.
 D = Time resting spent in this place.
 E = Time spent auto-exploring this place.
 F = Levels seen in this place.
 G = Mean time per level.
                   A        B        C        D        E       F      G
               +--------+--------+--------+--------+--------+-----+--------+
         Total |   3241 |   3146 |     95 |    200 |   2593 |   3 | 1080.3 |
       Dungeon |   3241 |   3146 |     95 |    200 |   2593 |   3 | 1080.3 |
               +--------+--------+--------+--------+--------+-----+--------+

Top non-repeatable levels by time:
     D:1: 1332 daAuts
     D:2: 1240 daAuts
     D:3: 669 daAuts
